 Dungeon Crawl Stone Soup version 0.30.1-9-gdf580d7c3d (webtiles) character file.

Game seed: 17259789617321819558

1874 Wiggles the Cleaver (level 8, -2/66 (73) HPs)
             Began as a Minotaur Berserker on Sept 28, 2023.
             Was a Priest of Trog.
             Slain by a wight
             ... wielding a +3 trident of freezing
              (4 damage)
             ... on level 6 of the Dungeon.
             The game lasted 00:08:29 (5617 turns).

Wiggles the Cleaver (Minotaur Berserker)            Turns: 5617, Time: 00:08:30

HP:   -2/66 (73)    AC: 14    Str: 24    XL:     8   Next: 91%
MP:   7/7           EV:  8    Int:  4    God:    Trog [***...]
Gold: 283           SH:  0    Dex: 10    Spells: 7/7 levels left

rFire   . . .        a - +0 hand axe
rCold   . . .        (no shield)
rNeg    . . .        y - +0 plate armour
rPois   .            (helmet restricted)
rElec   .            (no cloak)
rCorr   .            m - +0 pair of gloves
SInv    .            (no boots)
Will    .....        (no amulet) Stlth
                     (no ring)
HPRegen 0.31/turn    (no ring)
MPRegen 0.10/turn

%: no passive effects
@: lethally poisoned (-2 -> -9), drained
A: horns 2, retaliatory headbutt
a: Renounce Religion, Berserk, Trog's Hand


You were on level 6 of the Dungeon.
You worshipped Trog.
Trog was most pleased with you.
You visited 1 branch of the dungeon, and saw 6 of its levels.

You collected 283 gold pieces.

Inventory:

Hand Weapons
 a - a +0 hand axe (weapon)
Armour
 m - a +0 pair of gloves (worn)
 y - a +0 plate armour (worn)
Scrolls
 c - a scroll of torment {unknown}
 g - 3 scrolls of enchant weapon {unknown}
 h - 2 scrolls of fog {unknown}
 i - 3 scrolls of teleportation {unknown}
 j - 2 scrolls of fear {unknown}
 k - 5 scrolls of identify {unknown}
 l - 2 scrolls of noise {unknown}
 p - 2 scrolls of immolation {unknown}
 q - 2 scrolls of amnesia {unknown}
 t - a scroll of blinking {unknown}
 v - 2 scrolls of poison {unknown}
 x - a scroll of brand weapon {unknown}
Potions
 b - 3 potions of curing {unknown}
 d - a potion of ambrosia {unknown}
 e - a potion of cancellation {unknown}
 f - 2 potions of heal wounds {unknown}
 n - a potion of magic {unknown}
 o - 2 potions of flight {unknown}
 r - a potion of attraction {unknown}
 u - a potion of degeneration {unknown}
 w - a potion of mutation {unknown}


   Skills:
 + Level 7.0 Fighting
 + Level 9.6 Axes
 + Level 7.1 Armour
 + Level 5.1 Dodging
 + Level 1.2 Stealth


You had 7 spell levels left.
You didn't know any spells.
Your spell library was empty.

Dungeon Overview and Level Annotations

Branches:
Dungeon (6/15)             Temple (0/1) D:6

Altars:
Elyvilon
Gozag
Qazlal
Trog
Xom

Shops:
D:1 =   D:3 ?=[   D:5 [


Innate Abilities, Weirdness & Mutations

You have a pair of horns on your head.
You reflexively headbutt those who attack you in melee.


Message History

You hit the water moccasin zombie but do no damage.
The water moccasin zombie is moderately damaged.
You hit the scorpion.
You feel sick. The scorpion stings you.
You are more poisoned.
The scorpion poisons you!
The water moccasin zombie bites you but does no damage.
You slash the water moccasin zombie!
The water moccasin zombie is heavily damaged.
You completely miss the scorpion.
You feel very sick. The scorpion completely misses you.
The wight hits you but does no damage.
The water moccasin zombie bites you but does no damage.
You hit the water moccasin zombie.
The water moccasin zombie is heavily damaged.
You hit the scorpion but do no damage.
You feel very sick.
The scorpion stings you but does no damage.
The water moccasin zombie completely misses you.
You furiously retaliate!
You headbutt the water moccasin zombie.
The wight hits you from afar with a +3 trident of freezing.
You feel drained. The wight freezes you.
You slash the water moccasin zombie!
Your headbutt misses the water moccasin zombie.
The water moccasin zombie is almost destroyed.
You hit the scorpion but do no damage.
You feel very sick.
The scorpion stings you but does no damage.
The water moccasin zombie bites you.
* * * LOW HITPOINT WARNING * * *
The wight completely misses you.
You barely miss the water moccasin zombie.
The water moccasin zombie is almost destroyed.
You barely miss the scorpion.
You feel sick. The scorpion closely misses you.
The water moccasin zombie bites you but does no damage.
The wight hits you from afar with a +3 trident of freezing!
* * * LOW HITPOINT WARNING * * *
You feel drained.
* * * LOW HITPOINT WARNING * * *
The wight freezes you.
You die...

#... #.##'# ....
#..... ..... #.....
..... ##### #.....
...... #...####....
......###
#...'.......
........##
#...##...... #zs##
#...##..#...
##Z@#####...##.<##..
##.##....#.....##.#
#.......##..#.##.#
###.....#.........
#....)))##...##.
#.....#)##...##.
##..###.).......
##.# #...[>....
###.###..)......


You could see a scorpion, a wight and a water moccasin zombie.

Vanquished Creatures
  Edmund (D:5)
  A water moccasin (D:5)
  Duvessa (D:6)
  A black bear (D:5)
  An orc warrior (D:6)
  2 ice beasts (D:5)
  2 ogres (D:4)
  A phantom (D:5)
  Blork the orc (D:4)
  3 scorpions
  Dowan (D:6)
  2 jellies (D:6)
  2 orc priests (D:6)
  A gnoll bouda (D:5)
  2 hounds
  2 sleepcaps (D:5)
  An iguana (D:5)
  An orc wizard (D:5)
  10 gnolls
  11 adders
  3 ufetubi
  2 worms
  3 dart slugs
  14 orcs
  11 endoplasms
  3 giant cockroaches
  12 goblins
  5 hobgoblins
  11 jackals
  5 kobolds
  A quokka (D:2)
  8 ball pythons
  2 bats
  2 frilled lizards (D:3)
  3 rats
132 creatures vanquished.

Notes
Turn   | Place    | Note
-------+----------+-------------------------------------------
     0 | D:1      | Wiggles the Minotaur Berserker began the quest for the Orb.
     0 | D:1      | Reached XP level 1. HP: 19/19 MP: 0/0
   102 | D:1      | Found Imabeo's Jewellery Emporium.
   241 | D:1      | Reached XP level 2. HP: 27/27 MP: 1/1
   249 | D:1      | Reached skill level 4 in Axes
   708 | D:1      | Reached XP level 3. HP: 33/33 MP: 2/2
   913 | D:1      | Found a faded altar of an unknown god.
   971 | D:1      | Reached ** piety under Trog
  1238 | D:2      | Reached XP level 4. HP: 40/40 MP: 3/3
  1241 | D:2      | Reached skill level 5 in Axes
  1296 | D:2      | Found an opulent altar of Gozag.
  1583 | D:2      | You fall into a shaft and drop 2 floors!
  1604 | D:4      | Found a stormy altar of Qazlal.
  1623 | D:4      | Noticed an ogre
  1632 | D:4      | Killed an ogre
  1633 | D:4      | Reached XP level 5. HP: 47/47 MP: 4/4
  1770 | D:4      | Noticed Blork the orc
  1776 | D:4      | Killed Blork the orc
  1777 | D:4      | Reached skill level 5 in Fighting
  1836 | D:3      | Reached XP level 6. HP: 33/56 MP: 5/5
  1860 | D:3      | Found Wuefiack's Magic Scroll Shop.
  2003 | D:2      | Reached skill level 6 in Axes
  2514 | D:3      | Found Xafea's Antique Armour Shoppe.
  2808 | D:3      | Found Laipalong's Jewellery Shoppe.
  2965 | D:4      | Reached skill level 1 in Stealth
  3322 | D:4      | Found a bloodstained altar of Trog.
  3491 | D:4      | Reached XP level 7. HP: 55/61 MP: 6/6
  3851 | D:5      | Entered Level 5 of the Dungeon
  3866 | D:5      | Reached skill level 7 in Axes
  4001 | D:5      | Reached *** piety under Trog
  4200 | D:5      | Reached skill level 5 in Armour
  4292 | D:5      | Reached skill level 8 in Axes
  4298 | D:5      | Reached XP level 8. HP: 29/70 MP: 7/7
  4702 | D:5      | Noticed Edmund
  4710 | D:5      | Killed Edmund
  4927 | D:5      | Found a white marble altar of Elyvilon.
  4942 | D:5      | Reached skill level 5 in Dodging
  4952 | D:5      | Found Estrett's Armour Shoppe.
  5205 | D:6      | Found a shimmering altar of Xom.
  5249 | D:6      | Found a staircase to the Ecumenical Temple.
  5258 | D:6      | Reached skill level 9 in Axes
  5329 | D:6      | Noticed Duvessa
  5332 | D:6      | Noticed Dowan
  5345 | D:6      | Killed Duvessa
  5367 | D:6      | Killed Dowan
  5617 | D:6      | HP: 2/66 [wight/+3 trident of freezing (2)]
  5617 | D:6      | Slain by a wight

Illustrated notes

Levels and vault maps discovered:
D:1:      scummos_arrival_simple_crosswalls, layout_loops_corners,
          hellmonk_ecumenical_altar_pennies_from_heaven, serial_shops, shop
D:2:      layout_loops_ring, basic_altar
D:3:      layout_rooms, serial_shops, nicolae_shop_stone, shop,
          nicolae_shop_rolling_square, chequers_garden
D:4:      layout_basic, nicolae_qazlal_general_emergency,
          mainiacjoe_overflow_alcove_1, hangedman_decor_diamond_cutter,
          minivault_14, uniq_blork_the_orc
D:5:      layout_rooms, nicolae_elyvilon_peaceful_grove, serial_shops, shop,
          minmay_door_square, uniq_edmund
D:6:      layout_basic, mainiacjoe_overflow_tiny_flanked,
          lemuel_mausoleum_altar_kikubaaqudgha,
          minmay_temple_entry_stoned_glass, uniq_maggie, uniq_duvessa

Skill      XL: |  1  2  3  4  5  6  7  8 |
---------------+-------------------------+-----
Axes           | 4 5 6 8 9 |  9.6
Fighting       | 4 5 6 7 |  7.0
Dodging        | 3 4 5 |  5.1
Armour         | 3 5 7 |  7.1
Stealth        | 1 |  1.2

Action                     |  1- 3 |  4- 6 |  7- 9 || total
---------------------------+-------+-------+-------++-------
  Melee: Hand axe          |    80 |   108 |   205 ||   393
         Headbutt          |    11 |    23 |    31 ||    65
         Punch             |     1 |     1 |     3 ||     5
 Invoke: Berserk           |     1 |     3 |     4 ||     8
 Armour: Animal skin       |     9 |     9 |       ||    18
         Leather armour    |       |     4 |       ||     4
         Ring mail         |       |    17 |       ||    17
         Chain mail        |       |     1 |   122 ||   123
         Plate armour      |       |       |    23 ||    23
  Dodge: Dodged            |    49 |    69 |   115 ||   233
